Map: Orbital Shipyard

Players

LilDicky - Winner!

  • Race: Terran Terran
  • League: Diamond

IIIIIIIIIIII

  • Race: Terran Terran
  • League: Diamond

VOD

http://www.twitch.tv/tumescentpie

Description

Time

  • Played on: Nov. 24, 2015, 12:01 p.m.
  • Length: 19:19
Show
View Real Time Build Order
Export as new Build Order

LilDicky Terran - Winner!

Build Orders: Reaper Expand, Hellion Banshee 

Get SALT Encoding   

  12  0:01  SCV  
  13  0:13  SCV  
  14  0:22  Supply Depot  
  14  0:25  SCV  
  15  0:31  Refinery  
  15  0:43  SCV  
  15  0:45  Barracks  
  16  0:56  SCV  
  17  1:08  SCV  
  18  1:20  SCV  
  19  1:31  Reaper  
  21  1:34  Orbital Command  
  20  1:46  Command Center  
  20  1:57  Supply Depot, Refinery  
  20  2:03  Reaper  
  20  2:04  SCV  
  22  2:17  SCV  
  23  2:25  Factory  
  23  2:29  SCV  
  24  2:31  Supply Depot  
  24  2:41  Barracks Reactor, SCV  
  25  2:53  SCV  
  26  3:06  SCV  
  26  3:07  Orbital Command  
  27  3:14  Starport  
  27  3:21  SCV  
  27  3:23  Barracks Tech Lab  
  27  3:26  Hellion x2  
  32  3:33  SCV  
  33  3:46  SCV  
  33  3:47  SCV  
  35  3:49  Hellion x2  
  39  3:57  Engineering Bay  
  39  3:58  SCV  
  39  4:00  Supply Depot  
  39  4:01  Marine  
  39  4:02  Banshee, Cloaking Field  
  44  4:11  Hellion x2  
  42  4:39  Hellion  
  42  4:40  Hellion  
  42  4:44  Missile Turret  
  45  4:46  Viking  
  45  4:47  Marine  
  45  4:48  SCV  
  45  4:51  Missile Turret  
  42  5:02  SCV x2  
  42  5:04  Hellion x2  
  27  5:30  SCV x2  
  22  5:53  Hellion x2  
  26  5:58  Marine  
  26  5:59  SCV x2  
  29  6:11  SCV x2, Missile Turret  
  21  6:33  Banshee  
  21  6:36  SCV x2  
  26  6:41  Command Center, Hellion x2, Marine  
  31  6:50  SCV x2  
  31  6:54  Terran Infantry Weapons Level 1  
  33  7:01  Marine  
  29  7:02  SCV x2  
  32  7:12  Widow Mine x2  
  32  7:14  SCV x2  
  38  7:16  Banshee  
  41  7:28  SCV  
  39  7:52  Marine  
  37  8:10  Marine  
  38  8:33  Banshee  
  38  8:34  SCV x2  
  38  8:39  Orbital Command  
  39  8:46  SCV x2  
  41  8:56  Barracks  
  41  8:57  Refinery x2  
  41  8:58  SCV x2, Barracks x2  
  43  9:10  SCV x2  
  45  9:22  SCV x2  
  47  9:29  SCV  
  47  9:31  Terran Infantry Armor Level 1, Engineering Bay  
  48  9:34  Armory, SCV x2  
  48  9:35  Orbital Command  
  50  9:46  SCV  
  50  9:47  SCV  
  50  9:52  Siege Tank  
  55  9:53  Marine  
  55  9:56  Barracks Reactor x2  
  55  9:59  SCV, Barracks Tech Lab  
  57  10:04  SCV x2  
  57  10:07  Viking  
  61  10:11  SCV, Marine  
  63  10:16  SCV  
  63  10:18  Refinery  
  63  10:19  Refinery  
  64  10:21  Barracks  
  64  10:24  Barracks  
  64  10:25  Marine  
  64  10:26  Barracks  
  64  10:27  SCV x2  
  68  10:28  SCV  
  68  10:29  Missile Turret, Marine  
  68  10:34  Siege Tank  
  72  10:35  Missile Turret  
  72  10:36  Marine x4  
  72  10:38  Missile Turret  
  76  10:43  Marine  
  76  10:49  Marine  
  77  10:59  Missile Turret  
  77  11:08  SCV x2, Viking x2, Marine x2  
  77  11:09  Supply Depot x2  
  77  11:10  Terran Infantry Weapons Level 2  
  85  11:26  Marine  
  85  11:30  Marine  
  85  11:31  Siege Tank  
  49  11:47  SCV x2  
  49  11:53  SCV  
  50  11:55  Viking x2  
  50  11:57  Marine x6  
  50  11:59  SCV, Barracks Reactor  
  50  12:00  Barracks Reactor  
  61  12:01  Barracks Reactor  
  61  12:03  SCV  
  61  12:04  Refinery  
  61  12:05  SCV  
  63  12:11  SCV  
  63  12:15  SCV  
  65  12:16  Marauder, Widow Mine  
  65  12:17  SCV  
  70  12:23  SCV, Missile Turret, Marine x3  
  70  12:24  Marine  
  70  12:27  SCV, Barracks Tech Lab  
  70  12:29  SCV  
  77  12:30  Stimpack  
  77  12:35  SCV  
  78  12:40  SCV  
  78  12:41  SCV  
  78  12:42  Missile Turret x2  
  80  12:44  Marine x2  
  80  12:45  Marauder, Missile Turret, Marine  
  80  12:48  SCV  
  88  12:56  SCV  
  88  12:57  SCV  
  90  12:59  Marine  
  90  13:00  SCV, Marine  
  90  13:01  Marine x3  
  90  13:04  Terran Infantry Armor Level 2  
  94  13:06  Marine  
  94  13:09  SCV x2  
  94  13:10  Supply Depot  
  94  13:12  SCV  
  98  13:15  Supply Depot  
  97  13:25  Marine x3  
  97  13:26  Marauder x2  
  101  13:34  Marine  
  101  13:37  Marine  
  100  13:47  Marauder x2  
  104  13:55  Marine x2  
  102  13:59  Medivac x2  
  102  14:01  Siege Tank  
  102  14:02  SCV x2  
  115  14:11  Barracks Reactor  
  115  14:12  Marine x2  
  115  14:13  Combat Shields  
  117  14:18  Missile Turret  
  117  14:20  Terran Infantry Weapons Level 3, Marine x2  
  121  14:26  Supply Depot  
  121  14:31  Command Center, Concussive Shells  
  117  14:44  Marine  
  117  14:45  Marine x2  
  122  14:46  Marine, Marauder x2  
  122  14:50  Marine  
  122  14:51  Marine  
  127  14:54  Orbital Command  
  127  14:58  Marine  
  127  14:59  Marine  
  129  15:02  SCV  
  132  15:07  Marauder  
  132  15:10  Refinery  
  132  15:11  Refinery  
  132  15:20  Marine  
  133  15:42  Marine x4  
  134  15:43  Marauder x2  
  90  15:59  Marine x2  
  85  16:04  Marauder  
  86  16:24  Marine x2  
  86  16:25  Marine x2  
  71  16:26  Marauder x2  
  71  16:27  Marine x2, Medivac x2  
  71  16:28  Marine x4  
  71  16:31  Planetary Fortress  
  85  16:36  Missile Turret  
  85  16:39  Siege Tank  
  88  16:40  SCV x2  
  88  16:42  Marine x2  
  88  16:43  Marine x2  
  88  16:45  Marine x2  
  88  16:46  Marine x4  
  100  16:47  Marauder, Marine  
  100  16:51  SCV  
  100  16:53  SCV  
  105  16:57  Medivac  
  105  17:00  Marine x3  
  105  17:01  Marine  
  111  17:05  Marauder  
  111  17:06  Marine x2  
  111  17:07  Missile Turret  
  111  17:08  SCV x3  
  118  17:09  SCV, Marauder  
  118  17:10  Marine x2  
  118  17:11  Marine  
  118  17:13  Medivac  
  126  17:20  SCV  
  127  17:26  Marauder  
  125  17:33  Marine x2  
  125  17:34  Marauder  
  129  17:48  Marauder  
  131  18:05  Marine x2  
  124  18:06  Marauder, Marine x2  
  124  18:09  SCV x2  
  125  18:13  SCV  
  125  18:14  Marine x2  
  125  18:15  Marauder  
  125  18:17  Command Center  
  123  18:28  Marauder  
  123  18:29  Marine x2  
  127  18:58  Marine x3  
Show
View Real Time Build Order
Export as new Build Order

IIIIIIIIIIII Terran 

Build Orders: MMM Bio, Banshee Rush 

Get SALT Encoding   

  12  0:00  SCV  
  13  0:13  SCV  
  14  0:17  Supply Depot  
  14  0:25  SCV  
  15  0:39  SCV, Barracks  
  16  0:45  Refinery  
  16  0:51  SCV  
  17  1:03  SCV  
  18  1:15  SCV  
  19  1:26  Marine  
  19  1:28  Orbital Command  
  19  1:30  Supply Depot  
  20  1:40  Refinery  
  20  1:46  Marine  
  21  1:48  Factory  
  21  1:55  SCV  
  22  2:03  Marine  
  22  2:07  SCV  
  23  2:21  Marine  
  24  2:26  SCV  
  25  2:33  Supply Depot, Starport, Factory Tech Lab  
  25  2:38  SCV  
  25  2:39  Marine  
  27  2:50  SCV  
  28  2:57  Marine  
  29  3:11  Command Center  
  29  3:19  Marine  
  30  3:20  Banshee, Cloaking Field  
  30  3:26  Hellion  
  35  3:39  Supply Depot  
  34  3:49  Factory Tech Lab  
  34  3:52  Barracks Tech Lab  
  34  3:56  SCV  
  34  4:02  Supply Depot  
  35  4:05  Banshee  
  35  4:08  SCV  
  35  4:09  Siege Tank  
  42  4:19  Marine  
  43  4:28  Stimpack  
  42  4:33  Barracks, Orbital Command  
  42  4:37  Marine  
  41  4:50  Siege Tank  
  44  4:55  Marine  
  45  5:07  SCV  
  45  5:09  SCV  
  45  5:13  Marine  
  48  5:19  SCV  
  48  5:21  SCV, Raven  
  49  5:25  Engineering Bay  
  47  5:31  SCV  
  42  5:42  Marine  
  32  5:59  Marine  
  32  6:00  Marine  
  32  6:04  Viking  
  30  6:17  Marine  
  28  6:33  Missile Turret  
  28  6:34  Marine  
  28  6:36  Barracks Reactor  
  28  6:39  SCV  
  30  6:51  SCV x2  
  32  7:03  SCV  
  32  7:04  SCV, Viking  
  32  7:05  Marine  
  37  7:15  SCV  
  38  7:16  SCV, Marine  
  38  7:17  Marine  
  38  7:20  Supply Depot  
  41  7:24  Missile Turret  
  41  7:25  Marine  
  41  7:27  Combat Shields, SCV  
  41  7:28  SCV  
  44  7:39  SCV  
  44  7:40  SCV  
  45  7:45  Marine  
  45  7:46  Marine x2  
  45  7:47  Siege Tank  
  47  8:09  Marine x2  
  44  8:13  Barracks  
  44  8:15  Barracks  
  43  8:23  SCV  
  43  8:24  SCV, Raven  
  44  8:36  SCV x2  
  46  8:41  Refinery  
  46  8:42  Refinery  
  46  8:48  SCV x2  
  48  8:52  Marine  
  48  8:53  Marine x2  
  51  9:00  SCV x2  
  51  9:01  Missile Turret  
  52  9:12  SCV x2  
  53  9:21  Barracks Reactor, Siege Tank  
  53  9:22  Barracks Reactor  
  56  9:25  SCV  
  56  9:27  SCV  
  58  9:37  SCV, Marine x3  
  62  9:39  SCV  
  63  9:49  SCV  
  64  9:53  Starport Reactor  
  64  9:55  Terran Infantry Weapons Level 1, Marine x2  
  64  9:59  Engineering Bay, Marine  
  66  10:00  Marine x2  
  69  10:21  Command Center  
  69  10:22  Marine  
  69  10:23  Marine x2  
  72  10:33  Marine  
  72  10:34  Siege Tank  
  76  10:43  Marine x2  
  77  10:52  Marine x2  
  77  10:58  Marine  
  78  11:06  Supply Depot  
  78  11:07  Supply Depot  
  78  11:27  Marine  
  78  11:32  Marine x3  
  70  11:38  Marine x3  
  69  11:45  Marine  
  62  11:50  Marine x3  
  54  11:55  Orbital Command  
  54  11:56  Marine x3  
  54  11:57  Medivac  
  59  12:07  Marine  
  60  12:09  Marine  
  60  12:10  Marine  
  60  12:13  Orbital Command  
  60  12:14  Marine  
  63  12:18  Medivac  
  65  12:29  Marine x2  
  67  12:36  Medivac  
  69  12:50  Siege Tank  
  72  12:52  Marine  
  72  12:54  SCV x2  
  72  12:56  Refinery, Marine x4  
  72  12:57  Refinery, Medivac  
  81  12:59  Marine  
  81  13:01  Terran Infantry Armor Level 1  
  81  13:04  SCV  
  83  13:06  SCV  
  83  13:07  Armory  
  83  13:09  Missile Turret  
  83  13:26  Missile Turret  
  83  13:28  Marine  
  83  13:29  Marine x5  
  83  13:33  Marine  
  89  13:46  Marine x2  
  86  13:48  SCV x3  
  86  13:49  Missile Turret  
  88  14:00  SCV x2  
  88  14:02  SCV  
  87  14:06  Viking  
  87  14:07  Viking  
  91  14:12  SCV x2  
  93  14:19  Marine x5  
  93  14:20  Marine  
  93  14:21  Siege Tank  
  102  14:49  Supply Depot  
  102  14:50  Supply Depot  
  102  14:55  Supply Depot  
  102  14:56  Siege Tank  
  102  14:57  Missile Turret  
  102  14:59  Terran Infantry Weapons Level 2, Terran Infantry Armor Level 2  
  105  15:20  Command Center  
  105  15:21  Refinery  
  105  15:25  Marine x3  
  108  15:29  Marine x2  
  108  15:33  Viking  
  112  15:48  Marine x5  
  84  15:50  Marine x2  
  66  16:05  Marine x2  
  66  16:06  Marine x3  
  66  16:08  Marine x2  
  65  16:23  Marine x3  
  65  16:24  Marine x2  
  61  16:25  Marine x2  
  63  16:35  Orbital Command  
  63  16:39  SCV x2  
  65  16:49  Viking  
  65  16:51  SCV  
  65  16:52  Viking  
  70  16:59  Marine x2  
  72  17:09  Refinery  
  72  17:11  SCV x3, Factory  
  75  17:19  Medivac  
  75  17:22  Medivac, Marine  
  80  17:23  SCV  
  79  17:41  Orbital Command  
  64  18:09  Orbital Command  
  64  18:12  Orbital Command  
  56  18:27  Marine x3  
  57  18:48  Marine  
  57  18:49  Marine x3  
  57  18:52  Missile Turret  
Tags
 
Add a new tag
Caveats
  • Supply blocks, unpowered buildings, or Contaminate may cause inaccurate times.
  • Supply counts are checked every 10 seconds.